AoeStats
← Gray Rider

MegaRandom

509679084Analyzed
4v4 RM · 5d ago on Sep 27, 2026· 44m 48s· 8 players
Game mode
Random Map
Map size
Large (8 player)
Population
200
Speed
Normal
Resources
Standard
Victory
Conquest
Starting age
Dark Age
Ending age
Imperial Age
RankedLock teamsTeams togetherTeam positionsShared explorationLock speedFull tech treeHidden civsTurbo modeCheats
Victory
Defeat
🇩🇪 Celts · Germany
1163
+12
🇩🇪 Ethiopians · Germany
1149
+13
🇩🇪 Vietnamese · Germany
1020
+19
🇩🇪 Vikings · Germany
1000
+62
🇵🇪 Tatars · Peru
1104
-17
🇺🇸 Italians · United States
1100
-17
🇦🇷 Britons · Argentina
1076
-16
🇲🇽 Poles · Mexico
1030
-14
Machetekills135
0:34 Loom
11:43 Feudal Age
17:34 Bloodlines
18:41 Scale Barding Armor
18:46 Forging
21:11 Horse Collar
25:38 Castle Age
27:30 Light Cavalry
28:11 Husbandry
29:50 Pikeman
32:31 Double-Bit Axe
34:24 Wheelbarrow
34:43 Heavy Plow
35:24 Iron Casting
34:49 Scale Mail Armor
35:10 Chain Barding Armor
43:34 Imperial Age
tallshanks
10:56 Feudal Age
12:17 Loom
12:57 Double-Bit Axe
15:27 Castle Age
15:47 Fletching
20:31 Horse Collar
21:24 Pikeman
23:59 Padded Archer Armor
24:59 Crossbowman
26:08 Bodkin Arrow
28:30 Ballistics
29:45 Wheelbarrow
30:07 Leather Archer Armor
32:55 Gold Mining
37:28 Imperial Age
35:53 Scale Mail Armor
37:32 Squires
37:19 Arson
38:18 Thumb Ring
39:26 Conscription
39:42 Hoardings
41:01 Elite Skirmisher
Lilygold
7:47 Loom
10:15 Feudal Age
16:04 Fletching
21:41 Castle Age
20:54 Padded Archer Armor
21:46 Crossbowman
22:23 Bodkin Arrow
23:36 Double-Bit Axe
24:40 Leather Archer Armor
25:14 Ballistics
36:01 Pikeman
36:43 Squires
42:00 Forging
41:51 Scale Mail Armor
Deja de llorar
11:00 Feudal Age
10:47 Loom
13:13 Town Watch
14:33 Fletching
17:14 Padded Archer Armor
23:08 Castle Age
24:03 Bodkin Arrow
Zarquisio
6:47 Loom
7:05 Loom
9:35 Feudal Age
10:21 Double-Bit Axe
13:23 Horse Collar
15:00 Fletching
15:57 Padded Archer Armor
22:22 Castle Age
22:32 Crossbowman
23:07 Bodkin Arrow
27:30 Bow Saw
29:52 Wheelbarrow
31:42 Hand Cart
31:12 Town Watch
32:00 Ballistics
34:57 Imperial Age
34:18 Leather Archer Armor
35:10 Heavy Plow
35:56 Bracer
37:17 Chemistry
37:19 Arbalester
39:33 Thumb Ring
40:58 Onager
43:10 Siege Engineers
44:41 Torsion Engines
Gray Rider
10:39 Feudal Age
10:57 Loom
14:27 Town Watch
14:50 Double-Bit Axe
23:48 Castle Age
27:49 Forging
27:40 Scale Mail Armor
31:06 Iron Casting
30:46 Chain Mail Armor
32:36 Gold Mining
32:59 Bow Saw
32:32 Horse Collar
35:59 Chain Mail Armor
40:15 Heavy Plow
44:32 Gold Shaft Mining
43:52 Stone Mining
44:57 Town Patrol
Captain Sukx
3:23 Loom
10:38 Feudal Age
11:10 Town Watch
12:01 Wheelbarrow
11:47 Double-Bit Axe
19:58 Castle Age
20:50 Scale Barding Armor
20:47 Husbandry
24:48 Chain Barding Armor
25:13 Town Patrol
27:57 Forging
36:23 Bow Saw
Rudolf
5:20 Loom
10:54 Feudal Age
17:41 Castle Age
16:11 Double-Bit Axe
16:10 Horse Collar
16:47 Gold Mining
18:00 Scale Barding Armor
18:59 Forging
20:13 Wheelbarrow
23:02 Hand Cart
23:06 Bloodlines
24:02 Iron Casting
24:19 Husbandry
24:26 Town Watch
25:50 Bow Saw
26:42 Town Watch
27:50 Chain Barding Armor
30:12 Town Patrol
40:30 Imperial Age
40:19 Chatras
40:37 Cavalier
41:56 Plate Barding Armor
Connection lost

Rejoining the realm…

Still unreachable

The connection could not be restored.

Session expired

The server has moved on; the page needs a fresh start.